 Dungeon Crawl Stone Soup version 0.16-a0-1813-g064e3e6 (console) character file.

55817 TALISMASHER the Prestidigitator (level 15, -16/116 (117) HPs)
             Began as a Formicid Fighter on Nov 10, 2014.
             Was a High Priest of Nemelex Xobeh.
             Killed from afar by an orc sorcerer (22 damage)
             ... with a bolt of negative energy
             ... on level 11 of the Dungeon.
             The game lasted 00:45:13 (22464 turns).

TALISMASHER the Prestidigitator (Formicid Fighter) Turns: 22464, Time: 00:45:15

HP:   -16/116 (117) AC: 21    Str: 21    XL:     15   Next: 19%
MP:   16/31         EV:  7    Int: 14    God:    Nemelex Xobeh [*****.]
Gold: 1249          SH: 18    Dex: 15    Spells: 1 memorised, 13 levels left

rFire  . . .     SeeInvis +     a - +6 morningstar of No Interval {pain, Int+3}
rCold  . . .     Clarity  .     Q - +0 plate armour
rNeg   . . .     SustAb   .     g - +0 large shield
rPois  .         Gourm    .     (helmet unavailable)
rElec  .         Spirit   .     q - +0 cloak
rCorr  .         Warding  .     G - +1 pair of gloves
rMut   .         Stasis   +     p - +1 pair of boots
MR     +....                    N - amulet of faith
Stlth  ..........               (no ring)
                                H - +2 ring of evasion

@: weakened, heavily drained, somewhat resistant to hostile enchantments,
extremely unstealthy
A: permanent stasis, dig shafts and tunnels, four strong arms, antennae 3,
clever 1, spit poison 1
a: Dig, Shaft Self, Spit Poison, Triple Draw, Deal Four, Stack Five, Renounce
Religion


You were on level 11 of the Dungeon.
You worshipped Nemelex Xobeh.
Nemelex Xobeh was extremely pleased with you.
You were not hungry.

You visited 3 branches of the dungeon, and saw 20 of its levels.

You collected 1283 gold pieces.

Inventory:

Hand weapons
 a - the +6 morningstar of No Interval (weapon) {pain, Int+3}
   (You acquired it on level 9 of the Dungeon)

   In the hands of one skilled in necromantic magic, it inflicts extra damage on
   living creatures.
   It affects your intelligence (+3).
Missiles
 L - 4 throwing nets (quivered)
Armour
 g - a +0 large shield (worn)
 p - a +1 pair of boots (worn)
 q - a +0 cloak (worn)
 G - a +1 pair of gloves (worn)
 Q - a +0 plate armour (worn)
Rods
 b - a +1 lightning rod (13/13) {!a}
   (You found it on level 6 of the Dungeon)
Jewellery
 H - a +2 ring of evasion (left hand)
 N - an amulet of faith (around neck)
 O - an uncursed amulet of regeneration
Magical devices
 x - a wand of fire (6)
 E - a wand of cold (1)
Scrolls
 i - 12 scrolls of remove curse
 r - 2 scrolls of identify
 w - 2 scrolls of magic mapping
 B - a scroll of fear
 X - a scroll of holy word
Potions
 e - 2 potions of might
 f - 2 potions of cure mutation
 l - 5 potions of curing
 z - a potion of heal wounds
 A - a potion of restore abilities
 F - 3 potions of invisibility
 I - 3 potions of brilliance
 K - 2 potions of resistance
 S - a potion of mutation {unknown}
 U - a potion of flight
Books
 h - the Compendium of Poisonous Companions
   (You found it on level 11 of the Dungeon)

   Spells                             Type                      Level
   Summon Butterflies                 Summoning                    1
   Summon Small Mammal                Summoning                    1
   Cure Poison                        Poison                       2
   Call Canine Familiar               Summoning                    3
   Summon Ice Beast                   Ice/Summoning                4
   Olgreb's Toxic Radiance            Poison                       4
   Alistair's Intoxication            Transmutation/Poison         4
   Poisonous Cloud                    Conjuration/Poison/Air       6
 m - the Grimoire of Execration
   (You found it on level 11 of the Dungeon)

   Spells                             Type                      Level
   Dazzling Spray                     Conjuration/Hexes            3
   Tukima's Dance                     Hexes                        3
   Cause Fear                         Hexes                        4
   Summon Guardian Golem              Hexes/Summoning              4
   Metabolic Englaciation             Hexes/Ice                    5
   Mass Confusion                     Hexes                        6
   Darkness                           Hexes                        7
   Discord                            Hexes                        8
Miscellaneous
 j - a legendary deck of war
 k - a box of beasts
 t - an ornate deck of war {drawn: 1}
 y - a legendary deck of destruction
 C - a legendary deck of changes {drawn: 1}
 J - a plain deck of escape {drawn: 2}
Comestibles
 c - a chunk of flesh
 d - 15 bread rations
 P - 21 fruits


   Skills:
 - Level 10.9(9.1) Fighting
 + Level 12.4(10.5) Maces & Flails
 + Level 13.0(11.1) Armour
 - Level 12.1(10.2) Shields
 - Level 7.1(5.5) Necromancy
 - Level 13.0(11.1) Evocations


You had 13 spell levels left.
You knew the following spells:

 Your Spells              Type           Power        Failure   Level  Hunger
a - Animate Skeleton      Necr           N/A          99%         1    ##.....


Dungeon Overview and Level Annotations

Branches:
Dungeon (11/15)            Temple (1/1) D:6             Orc (0/4) D:10
   Lair (8/8) D:10         Shoals (0/5) Lair:5       Spider (0/5) Lair:4
  Slime (0/6) Lair:7

Altars:
Ashenzari
Cheibriados
Dithmenos
Elyvilon
Fedhas
Gozag
Kikubaaqudgha
Makhleb
Nemelex Xobeh
Okawaru
Qazlal
Ru
Sif Muna
Trog
Vehumet
Xom
Yredelemnul
Zin
The Shining One
Beogh
Jiyva

Shops:
D:4 (   D:10 :

Annotations:
Lair:5 exclusion: 2 oklob plants


Innate Abilities, Weirdness & Mutations

You are under a permanent stasis effect.
You can dig through walls and to a lower floor.
Your four strong arms can wield two-handed weapons with a shield.
You have a pair of large antennae on your head (SInv).
Your mind is acute. (Int +2)
You can spit poison.


Message History

There is a fountain of sparkling water here.
The sixfirhy hits your air elemental!
Your air elemental is destroyed!
Your air elemental hits the sixfirhy!
The sixfirhy hits your air elemental. The sixfirhy shocks your air elemental.
Your air elemental completely resists.
An air elemental merges itself into the air.
The sixfirhy hits you.
* * * LOW HITPOINT WARNING * * *
The sixfirhy shocks you!
* * * LOW HITPOINT WARNING * * *
The orc sorcerer wildly gestures.
The orc sorcerer glows brightly for a moment.
The orc sorcerer casts a spell at you.
The bolt of negative energy hits the hellwing.
The hellwing completely resists.
The bolt of negative energy misses the sixfirhy.
The bolt of negative energy hits you!
You feel drained.
You die...
Your body glows with a rainbow of weird colours and disappears.

#}....).....[.}# ##''## #~..~#
############ #~..~#
#....##....# ####'Z#######
#.##.##.##.# #~~~~Z~~~~~~#
#....##....#
#~##.....##~######'##'####
#~#..o4...#~#........)....
#~.)}.434@.~#..####..####)
..###~.........~#.............
#.'.'~.}.._..}.~'..####..####.
..###~.........~#.....)..)....
#~..}...}..~#..####.)####.
#~#...}...#~#.....).......
#~##.....##~######'##'####
#~~~~~~~~~~~# #..#....#..#
############# #}.'.##.'.}#


You could see a soul eater, an orange demon, a hellwing, a sixfirhy, an orc
sorcerer, an elf zombie and an elf zombie.

Vanquished Creatures
  Maud (Lair:7)
  A deep elf sorcerer (D:11)
  Snorg (Lair:5)
  3 hydras
  Harold (Lair:8)
  The ghost of TALISMASHER the Basher, a powerful FoFi of Nemelex Xobeh (Lair:1)
  3 death yaks (Lair:8)
  Nergalle (Lair:2)
  An unseen horror (D:7)
  An orc sorcerer (D:11)
  6 elephants
  Maurice (D:11)
  5 black mambas
  A siren (Lair:5)
  10 spiny frogs
  5 naga magi (D:11)
  2 komodo dragons
  A fire drake (Lair:4)
  A queen bee (Lair:2)
  A jumping spider (Lair:4)
  2 trolls
  Grinder (D:5)
  A basilisk (Lair:4)
  12 blink frogs
  4 ravens (Lair:8)
  44 yaks
  9 deep elf magi
  2 hungry ghosts
  2 redbacks (Lair:4)
  A fire bat (Lair:8)
  5 hippogriffs
  2 wyverns
  The ghost of TALISMASHER the Cudgeler, an average FoFi (D:3)
  A human (Lair:3)
  Menkaure (D:7)
  4 wolves (Lair:8)
  19 water moccasins
  A yellow wasp (D:10)
  3 necrophages
  13 porcupines
  5 sky beasts
  3 ice beasts
  2 phantoms
  3 black bears
  5 ogres
  4 orc warriors
  11 crocodiles
  A tengu (Lair:4)
  2 centaurs
  2 boring beetles
  Sigmund (D:4)
  A big kobold (Lair:3)
  A brain worm (Lair:4)
  11 giant frogs
  A scorpion (D:10)
  27 killer bees
  A yak skeleton (D:7)
  9 wights
  6 crimson imps
  An electric eel (Lair:5)
  2 goliath beetles
  4 jellies
  A black bear zombie (D:6)
  A kobold zombie (D:10)
  A quasit (D:10)
  7 orc priests
  8 hounds
  Crazy Yiuf (D:2)
  A two-headed ogre skeleton (D:10)
  11 iguanas
  11 orc wizards
  5 worker ants
  21 sheep
  A sky beast zombie (D:5)
  Ijyb (D:5)
  An ogre skeleton (D:10)
  A hound skeleton (D:7)
  11 gnolls
  A gnoll zombie (D:9)
  44 green rats
  18 adders
  An orc zombie (D:8)
  2 shadow imps
  A giant mite (D:5)
  4 worms
  6 giant geckos
  2 oozes (D:4)
  38 orcs
  12 bats
  8 giant cockroaches
  16 goblins
  15 hobgoblins
  14 jackals
  11 quokkas
  A ball python (D:7)
  A giant gecko skeleton (D:5)
  3 giant newts
  A goblin skeleton (D:5)
  A hobgoblin skeleton (D:5)
  A jackal skeleton (D:8)
  16 kobolds
  13 rats
  A bush (Lair:8)
592 creatures vanquished.

Vanquished Creatures (collateral kills)
  An emperor scorpion (Lair:8)
  A catoblepas (Lair:8)
  3 death yaks (Lair:8)
  A griffon (Lair:8)
  A spiny frog (Lair:8)
  A queen ant (Lair:8)
  A komodo dragon (Lair:8)
  A boulder beetle (Lair:8)
  A raven (Lair:8)
11 creatures vanquished.

Vanquished Creatures (others)
  A very ugly thing (Lair:8)
  A dancing weapon (Lair:8)
  A blue devil (Lair:8)
  A raven (Lair:8)
  A deep elf mage (D:11)
  2 air elementals
  A hell hound (Lair:8)
  3 centaurs (Lair:2)
  A giant spore (D:6)
  8 fungi
20 creatures vanquished.

Grand Total: 623 creatures vanquished

Notes
Turn   | Place    | Note
--------------------------------------------------------------
     0 | D:1      | TALISMASHER, the Formicid Fighter, began the quest for the Orb.
     0 | D:1      | Reached XP level 1. HP: 18/18 MP: 1/1
   210 | D:1      | Reached XP level 2. HP: 17/24 MP: 3/3
   619 | D:2      | Reached XP level 3. HP: 22/29 MP: 4/4
   900 | D:2      | Reached skill level 4 in Maces & Flails
   900 | D:2      | Reached XP level 4. HP: 35/35 MP: 5/5
   942 | D:2      | Noticed Crazy Yiuf
   954 | D:2      | Killed Crazy Yiuf
  1266 | D:2      | Reached XP level 5. HP: 37/41 MP: 7/7
  1345 | D:2      | Noticed a phantom
  1367 | D:2      | Killed a phantom
  1367 | D:2      | Reached skill level 5 in Maces & Flails
  1367 | D:2      | Reached XP level 6. HP: 27/47 MP: 8/8
  1509 | D:2      | Reached skill level 6 in Maces & Flails
  1769 | D:3      | Noticed TALISMASHER's ghost (average FoFi)
  1794 | D:3      | Killed TALISMASHER's ghost
  1794 | D:3      | Reached skill level 7 in Maces & Flails
  1794 | D:3      | Reached XP level 7. HP: 32/52 MP: 9/9
  3120 | D:4      | Noticed Sigmund
  3138 | D:4      | Killed Sigmund
  3390 | D:4      | Found a shimmering altar of Xom.
  3623 | D:4      | Found Ker Geff's Weapon Shop.
  3820 | D:4      | Reached skill level 8 in Maces & Flails
  4149 | D:5      | Entered Level 5 of the Dungeon
  4171 | D:5      | Reached skill level 5 in Shields
  4171 | D:5      | Reached XP level 8. HP: 55/58 MP: 11/11
  4183 | D:5      | Noticed Ijyb
  4193 | D:5      | Killed Ijyb
  4716 | D:5      | Noticed Grinder
  4735 | D:5      | Killed Grinder
  4735 | D:5      | Reached skill level 9 in Maces & Flails
  5113 | D:5      | Reached skill level 1 in Evocations
  5335 | D:6      | Reached XP level 9. HP: 60/64 MP: 13/15
  6214 | D:6      | Found a staircase to the Ecumenical Temple.
  6222 | Temple   | Entered the Ecumenical Temple
  6234 | Temple   | Became a worshipper of Nemelex Xobeh the Trickster
  6518 | D:6      | Received a gift from Nemelex Xobeh
  6676 | D:7      | Reached skill level 5 in Evocations
  7368 | D:7      | Reached XP level 10. HP: 52/70 MP: 21/21
  7761 | D:7      | Reached skill level 5 in Armour
  7776 | D:7      | Noticed Menkaure
  7779 | D:7      | Killed Menkaure
  8100 | D:7      | Noticed an unseen horror
  8118 | D:7      | Killed an unseen horror
  8386 | D:8      | Found a radiant altar of Vehumet.
  8390 | D:8      | Found a blossoming altar of Fedhas.
  8392 | D:8      | Found a basalt altar of Yredelemnul.
  8392 | D:8      | Found an opulent altar of Gozag.
  8401 | D:8      | Found a burning altar of Makhleb.
  8402 | D:8      | Found a stormy altar of Qazlal.
  8402 | D:8      | Received a gift from Nemelex Xobeh
  8957 | D:8      | Received a gift from Nemelex Xobeh
  9068 | D:9      | Reached skill level 5 in Fighting
  9368 | D:9      | Reached skill level 10 in Maces & Flails
  9474 | D:9      | Reached XP level 11. HP: 70/81 MP: 24/24
  9976 | D:9      | Identified a scroll of acquirement
  9977 | D:9      | Got a twisted morningstar
  9978 | D:9      | Identified the +6 morningstar of No Interval {pain, Int+3} (You acquired it on level 9 of the Dungeon)
 10033 | D:9      | Learned a level 1 spell: Animate Skeleton
 10059 | D:10     | Entered Level 10 of the Dungeon
 10172 | D:10     | Received a gift from Nemelex Xobeh
 10208 | D:10     | Found a staircase to the Orcish Mines.
 10217 | D:10     | Found a roughly hewn altar of Beogh.
 10219 | D:10     | Reached skill level 1 in Necromancy
 10375 | D:10     | Acquired Nemelex Xobeh's first power
 10538 | D:10     | Received a gift from Nemelex Xobeh
 10542 | D:10     | Found Jogofo's Book Shop.
 10765 | D:10     | Found a staircase to the Lair.
 11133 | Lair:1   | Entered Level 1 of the Lair of Beasts
 11428 | Lair:1   | Received a gift from Nemelex Xobeh
 11881 | Lair:1   | Reached skill level 5 in Necromancy
 12203 | Lair:1   | Reached skill level 10 in Armour
 12203 | Lair:1   | Reached skill level 11 in Evocations
 12203 | Lair:1   | Reached XP level 12. HP: 87/87 MP: 24/27
 12210 | Lair:1   | Noticed TALISMASHER's ghost (powerful FoFi)
 12217 | Lair:1   | Killed TALISMASHER's ghost
 12304 | Lair:1   | Acquired Nemelex Xobeh's second power
 12598 | Lair:1   | Reached XP level 13. HP: 86/94 MP: 28/28
 13240 | Lair:2   | Noticed Nergalle
 13248 | Lair:2   | Killed Nergalle
 13436 | Lair:2   | Received a gift from Nemelex Xobeh
 14590 | Lair:3   | Received a gift from Nemelex Xobeh
 15030 | Lair:3   | Acquired Nemelex Xobeh's third power
 15240 | Lair:3   | Received a gift from Nemelex Xobeh
 15616 | Lair:4   | Received a gift from Nemelex Xobeh
 15659 | Lair:4   | Reached skill level 12 in Maces & Flails
 15805 | Lair:4   | Gained mutation: Your mind is acute. (Int +2) [potion of beneficial mutation]
 16171 | Lair:4   | Found a hole to the Spider Nest.
 16689 | Lair:5   | Noticed Snorg
 16700 | Lair:5   | Killed Snorg
 16956 | Lair:5   | Received a gift from Nemelex Xobeh
 17232 | Lair:5   | Found a staircase to the Shoals.
 17711 | Lair:6   | Received a gift from Nemelex Xobeh
 17881 | Lair:6   | Reached XP level 14. HP: 96/107 MP: 30/30
 18461 | Lair:7   | Received a gift from Nemelex Xobeh
 18715 | Lair:7   | Received a gift from Nemelex Xobeh
 18722 | Lair:7   | Noticed Maud
 18732 | Lair:7   | Killed Maud
 18754 | Lair:7   | Found a viscous altar of Jiyva.
 18755 | Lair:7   | Found a staircase to the Slime Pits.
 18787 | Lair:7   | Reached skill level 10 in Shields
 18919 | Lair:7   | Reached skill level 10 in Fighting
 19346 | Lair:8   | Entered Level 8 of the Lair of Beasts
 19567 | Lair:8   | Noticed Harold
 19934 | Lair:8   | Killed Harold
 20544 | Lair:8   | Received a gift from Nemelex Xobeh
 21395 | Lair:8   | Noticed an emperor scorpion
 21395 | Lair:8   | a dire elephant changed into an emperor scorpion
 21422 | Lair:8   | Killed an emperor scorpion
 21570 | Lair:8   | Reached skill level 13 in Evocations
 21815 | Lair:7   | Reached XP level 15. HP: 113/116 MP: 31/31
 22057 | D:11     | Noticed Maurice
 22067 | D:11     | Killed Maurice
 22109 | D:11     | Gained mutation: You can spit poison. [potion of beneficial mutation]
 22314 | D:11     | Identified the Compendium of Poisonous Companions
 22345 | D:11     | Identified the Grimoire of Execration
 22356 | D:11     | Found a deep blue altar of Sif Muna.
 22431 | D:11     | Noticed a deep elf sorcerer
 22437 | D:11     | Killed a deep elf sorcerer
 22464 | D:11     | Killed from afar by an orc sorcerer

Action                   |  1- 3 |  4- 6 |  7- 9 | 10-12 | 13-15 || total
-------------------------+-------+-------+-------+-------+-------++-------
Melee: Flail             |   104 |    97 |   647 |   418 |       ||  1266
       Morningstar       |       |       |       |   231 |   967 ||  1198
Invok: Triple Draw       |       |       |       |       |     3 ||     3
       Deal Four         |       |       |       |       |     3 ||     3
 Abil: Dig               |       |       |       |       |     4 ||     4
Evoke: Rod               |       |       |     6 |    16 |    10 ||    32
       Deck              |       |       |       |     3 |    61 ||    64
  Use: Potion            |       |       |     1 |     2 |     8 ||    11
       Scroll            |       |       |       |    21 |    13 ||    34
 Stab: Confused          |       |       |       |       |     2 ||     2
  Eat: Chunk             |       |     3 |    20 |    18 |    31 ||    72
       Beef jerky        |       |       |       |     1 |       ||     1
       Fruit             |       |       |       |       |     2 ||     2
       Pizza             |       |       |       |       |     1 ||     1
